 Dungeon Crawl Stone Soup version 0.27-a0-1502-g47ed6a6988 (webtiles) character file.

Game seed: 4512890258157621516

77187 wakim the Tortoise (level 15, -11/132 HPs)
             Began as a Minotaur Fighter on July 9, 2021.
             Was an Initiate of Gozag.
             Mangled by a balrug (20 damage)
             ... on level 2 of the Abyss.
             The game lasted 01:02:48 (18335 turns).

wakim the Tortoise (Minotaur Fighter)              Turns: 18335, Time: 01:02:48

Health: -11/132    AC: 35    Str: 24    XL:     15   Next: 14%
Magic:  14/14      EV: 11    Int:  5    God:    Gozag
Gold:   2330       SH: 15    Dex: 13    Spells: 14/14 levels left

rFire    . . .     SeeInvis +   b - +5 eveningstar (freeze)
rCold    . . .     Faith    .   c - +1 kite shield
rNeg     . . .     Spirit   .   y - +10 plate armour {ponderous}
rPois    +         Reflect  .   s - +1 hat
rElec    .         Harm     .   n - +1 cloak {rPois}
rCorr    .         Rampage  +   d - +1 pair of gloves {Stlth+}
Will     ++...                  f - +0 pair of boots {rampage}
Stlth    ..........             l - amulet of regeneration
HPRegen  1.32/turn              i - ring of see invisible
MPRegen  0.14/turn              a - ring of willpower

@: mighty, brilliant, gold aura, very slightly contaminated, invisible, slow
A: horns 2, retaliatory headbutt
a: Renounce Religion, Potion Petition, Call Merchant, Bribe Branch


You were on level 2 of the Abyss.
You worshipped Gozag.
Gozag was most pleased with you.
You visited 3 branches of the dungeon, and saw 21 of its levels.
You visited the Abyss 1 time.
You visited 1 bazaar.
You also visited: Sewer.

You collected 6401 gold pieces.
You spent 1893 gold pieces at shops.
You paid 2178 gold pieces to Gozag.

Inventory:

Hand Weapons
 b - a +5 eveningstar of freezing (weapon)
Missiles
 e - 10 silver javelins
 g - 26 curare-tipped darts (quivered) {=f}
 h - 20 boomerangs
 j - 6 atropa-tipped darts
 k - a throwing net {=f!f}
Armour
 c - a +1 kite shield (worn)
 d - a +1 pair of gloves of stealth (worn)
 f - a +0 pair of boots of rampaging (worn)
 n - a +1 cloak of poison resistance (worn)
 s - a +1 hat (worn)
 y - a +10 plate armour of ponderousness (worn)
Jewellery
 a - a ring of willpower (right hand)
 i - a ring of see invisible (left hand)
 l - an amulet of regeneration (around neck)
 o - the ring "Futim" {rN+ rCorr Str+3}
   (You bought it in a shop in a bazaar)

   [ring of positive energy]

   Str:       It affects your strength (+3).
   rN:        It protects you from negative energy.
   rCorr:     It protects you from acid and corrosion.
Wands
 q - a wand of iceblast (16)
 t - a wand of digging (7)
 u - a wand of mindburst (40)
 v - a wand of flame (79)
 w - a wand of acid (5)
 x - a wand of charming (12)
Scrolls
 p - a scroll of enchant armour
 r - a scroll of identify
 R - 3 scrolls of magic mapping {!r}
 S - a scroll of summoning
 T - 4 scrolls of teleportation
 U - 6 scrolls of fear
 V - a scroll of vulnerability {!r!r}
 X - 4 scrolls of fog
 Y - 3 scrolls of blinking {!r}
 Z - a scroll of silence {!r}
Potions
 A - 2 potions of ambrosia
 B - 4 potions of attraction {!q}
 D - a potion of brilliance
 E - 2 potions of cancellation
 F - 11 potions of curing
 G - 9 potions of flight
 H - a potion of haste
 I - a potion of invisibility
 J - 2 potions of heal wounds
 L - 3 potions of lignification {!q}
 M - 2 potions of mutation {!q}
 N - a potion of might
 O - 2 potions of resistance


   Skills:
 + Level 12.0 Fighting
 * Level 15.7 Maces & Flails
 + Level 7.1 Throwing
 * Level 16.0 Armour
 + Level 9.3 Dodging
 - Level 15.0 Shields


You had 14 spell levels left.
You didn't know any spells.
Your spell library contained the following spells:

 Spells                   Type           Power      Damage    Failure   Level
 Corona                   Hex            0%         N/A       98%         1
 Foxfire                  Conj/Fire      0%         2x1d4     98%         1
 Freeze                   Ice            0%         1d3       98%         1
 Pain                     Necr           0%         1d4       98%         1
 Blink                    Tloc           N/A        N/A       99%         2
 Ensorcelled Hibernation  Hex/Ice        0%         N/A       99%         2
 Passwall                 Tmut/Erth      0%         N/A       99%         2
 Poisonous Vapours        Pois/Air       0%         N/A       99%         2
 Conjure Flame            Conj/Fire      0%         6-21      100%        3
 Frozen Ramparts          Ice            0%         1d2       100%        3
 Gell's Gravitas          Tloc           0%         N/A       100%        3
 Ignite Poison            Fire/Tmut/Pois 0%         N/A       100%        3
 Inner Flame              Hex/Fire       0%         N/A       100%        3
 Lesser Beckoning         Tloc           0%         N/A       100%        3
 Mephitic Cloud           Conj/Pois/Air  0%         N/A       100%        3
 Swiftness                Air            0%         N/A       100%        3
 Teleport Other           Tloc           0%         N/A       100%        3
 Tukima's Dance           Hex            0%         N/A       100%        3
 Cause Fear               Hex            0%         N/A       100%        4
 Hailstorm                Conj/Ice       0%         3d3       100%        4
 Sticky Flame             Conj/Fire      0%         2d3       100%        4
 Agony                    Necr           0%         N/A       100%        5
 Alistair's Intoxication  Tmut/Pois      0%         N/A       100%        5
 Borgnjor's Vile Clutch   Necr/Erth      0%         N/A       100%        5
 Excruciating Wounds      Necr           0%         N/A       100%        5
 Freezing Cloud           Conj/Ice/Air   0%         6-21      100%        5
 Iskenderun's Battlesphe  Conj           0%         2d6       100%        5
 Manifold Assault         Tloc           0%         N/A       100%        5
 Eringya's Noxious Bog    Tmut/Pois      0%         N/A       100%        6
 Invisibility             Hex            0%         N/A       100%        6
 Iron Shot                Conj/Erth      0%         9d1       100%        6
 Dragon Form              Tmut           0%         N/A       100%        7
 Spellforged Servitor     Conj/Summ      0%         N/A       100%        7
 Storm Form               Tmut/Air       0%         N/A       100%        7
 Dragon's Call            Summ           0%         N/A       100%        9


Dungeon Overview and Level Annotations

Branches:
Dungeon (14/15)            Temple (1/1) D:4            Lair (6/6) D:11
  Swamp (0/4) Lair:4        Snake (0/4) Lair:4        Slime (0/5) Lair:6
    Orc (0/2) D:12         Vaults (0/5) D:13          Sewer (visited)

Altars:
Ashenzari
Dithmenos
Gozag
Hepliaklqana
Kikubaaqudgha
Makhleb
Nemelex Xobeh
Okawaru
Qazlal
Ru
Sif Muna
Trog
Xom
Yredelemnul
Zin
The Shining One

Shops:
D:10 *   Lair:3 [   Lair:6 ?

Portals:
Trove: D:12 (give horn of Geryon)

Annotations:
D:14 Louise


Innate Abilities, Weirdness & Mutations

You have a pair of horns on your head.
You reflexively headbutt those who attack you in melee.


Message History

The red devil hops backward while attacking.
The red devil hits you from afar with a +1 vampiric demon trident!
You hit the balrug. You freeze the balrug.
You headbutt the balrug, but do no damage.
The balrug is lightly wounded.
The balrug closely misses you.
You barely miss the balrug.
The balrug is lightly wounded.
You block the red devil's attack. You block the balrug's attack.
You sock the balrug! You freeze the balrug.
The balrug is lightly wounded.
The balrug gestures at you. The bolt of fire hits you!!!
You block the red devil's attack.
You closely miss the balrug. You headbutt the balrug!
The balrug is moderately wounded.
The balrug hits you with a +2 demon whip of electrocution.
You are engulfed in flames!!
* * * LOW HITPOINT WARNING * * *
[a] - 286 gold - heal wounds and magic [b] - 336 gold - might, brilliance and invisibility [c] - 504 gold - resistance, might and haste Purchase which effect?
You feel very mighty all of a sudden.
You feel clever all of a sudden.
You fade into invisibility!
You block the red devil's attack.
The balrug hits you with a +2 demon whip of electrocution!
* * * LOW HITPOINT WARNING * * *
You are engulfed in flames!!
* * * LOW HITPOINT WARNING * * *
You are very lightly contaminated with residual magic.
You bludgeon the balrug!! You freeze the balrug!
Your headbutt misses the balrug.
The balrug is severely wounded.
The balrug hits you with a +2 demon whip of electrocution.
* * * LOW HITPOINT WARNING * * *
You are engulfed in flames!
* * * LOW HITPOINT WARNING * * *
You are electrocuted!!
You die...
Your body crumbles into a pile of gold.

# . . ###..### ..(#
.#..##.#....#..###.
≈≈##.####....#.##..#
≈≈≈≈≈.....#....... .
.##.#.....≈.....##.#
#. #...........##
##.#..........#≈.#
#.#......4.......
#....∩..@2......
#.#.#.......#.##
...:#.........###.#
.###.........# $ #
#..........##
#.#.........##
..#.#.#.#....#
####...#.#....# .
....$....


You could see a balrug and a red devil.

Vanquished Creatures
  Nessos (D:14)
  3 dire elephants
  Snorg (D:11)
  7 hydras
  An ogre mage (D:13)
  A boulder beetle (D:13)
  A catoblepas (Lair:6)
  3 centaur warriors (D:13)
  A death knight (D:12)
  Erica (Lair:1)
  A tengu warrior (D:14)
  8 two-headed ogres
  9 death yaks
  A fire crab (Lair:6)
  A bog body (Lair:4)
  An orc knight (D:13)
  2 phantasmal warriors
  An ugly thing (D:13)
  A lindwurm (Lair:6)
  2 deep elf pyromancers
  6 cyclopes
  12 elephants
  A worldbinder (Abyss:2)
  3 manticores
  8 black mambas
  4 gargoyles
  7 cane toads
  8 rime drakes
  4 yaktaurs (D:13)
  A kobold demonologist (D:13)
  A freezing wraith (D:12)
  4 komodo dragons
  A tengu conjurer (D:14)
  An unseen horror (D:12)
  A hornet (D:9)
  A red devil (Abyss:2)
  9 polar bears (Lair:6)
  6 trolls
  12 blink frogs
  6 dream sheep
  2 raiju (Lair:6)
  A shadow (D:13)
  35 yaks
  3 wraiths
  A spriggan (D:8)
  6 wyverns
  2 basilisks
  The ghost of PeterMcNeter the Shield-Bearer, an amateur FoFi of Okawaru (D:4)
  4 steam dragons
  3 vampire mosquitoes (D:13)
  3 swamp worms (Lair:4)
  6 wargs (Lair:6)
  A harpy simulacrum (D:12)
  An acid dragon (D:12)
  19 water moccasins
  13 hell hounds (Lair:6)
  Duvessa (D:4)
  2 sky beasts (D:6)
  4 orc warriors
  13 black bears
  An ice beast (D:7)
  A hornet zombie (D:7)
  11 centaurs
  5 necrophages
  6 ogres
  25 wolves
  4 kobold brigands
  11 bullfrogs
  Dowan (D:4)
  7 gnoll sergeants
  2 scorpions (D:5)
  4 electric eels (Lair:4)
  4 howler monkeys
  5 hounds
  5 centaur zombies
  2 jellies
  3 gnoll shamans
  5 orc priests
  A bullfrog skeleton (D:4)
  Ijyb (D:3)
  3 orc wizards (D:10)
  A killer bee zombie (D:8)
  2 hound skeletons (D:4)
  A howler monkey skeleton (D:7)
  A howler monkey zombie (D:11)
  Robin (D:3)
  18 gnolls
  9 adders
  A river rat (Sewer)
  2 shadow imps
  A white imp (D:6)
  An ufetubus (D:7)
  An adder skeleton (D:5)
  2 worms
  2 dart slugs
  23 orcs
  3 endoplasms
  4 giant cockroaches
  16 goblins
  9 hobgoblins
  11 jackals
  11 kobolds
  5 quokkas
  8 ball pythons
  6 bats
  A frilled lizard (D:1)
  8 rats
  A spectral kobold (D:2)
520 creatures vanquished.

Vanquished Creatures (collateral kills)
  An adder (D:5)
1 creature vanquished.

Vanquished Creatures (others)
  A sky beast (D:7)
  An ogre (D:13)
  4 fungi
  46 plants
  2 withered plants (D:4)
54 creatures vanquished.

Grand Total: 575 creatures vanquished

Notes
Turn   | Place    | Note
-------+----------+-------------------------------------------
     0 | D:1      | wakim the Minotaur Fighter began the quest for the Orb.
     0 | D:1      | Reached XP level 1. HP: 19/19 MP: 0/0
   210 | D:1      | Reached XP level 2. HP: 27/27 MP: 1/1
   235 | D:1      | Reached skill level 4 in Armour
   856 | D:1      | Reached XP level 3. HP: 33/33 MP: 2/2
  1223 | D:2      | Found an opulent altar of Gozag.
  1241 | D:2      | Became a worshipper of Gozag Ym Sagoz the Greedy
  1463 | D:2      | Reached XP level 4. HP: 40/40 MP: 3/3
  1695 | D:2      | Found a faded altar of an unknown god.
  1860 | D:3      | Noticed Ijyb
  1866 | D:3      | Killed Ijyb
  1867 | D:3      | Reached skill level 5 in Armour
  1924 | D:3      | Noticed Robin
  1937 | D:3      | Reached XP level 5. HP: 47/47 MP: 4/4
  1964 | D:3      | Killed Robin
  2243 | D:3      | You fall into a shaft and drop 1 floor!
  2260 | D:4      | Found a runed translucent door.
  2260 | D:4      | Noticed PeterMcNeter's ghost (amateur FoFi)
  2374 | D:4      | Found a staircase to the Ecumenical Temple.
  2501 | D:4      | Noticed Duvessa
  2503 | D:4      | Noticed Dowan
  2528 | D:4      | Killed Duvessa
  2529 | D:4      | Reached XP level 6. HP: 20/53 MP: 5/5
  2534 | D:4      | Killed Dowan
  2535 | D:4      | Reached skill level 5 in Maces & Flails
  2536 | D:4      | Reached skill level 6 in Armour
  2678 | D:4      | Found an iron altar of Okawaru.
  2754 | D:4      | Found a glowing drain.
  2770 | Sewer    | Entered a sewer
  2834 | Sewer    | Reached skill level 5 in Fighting
  2845 | Sewer    | Reached skill level 5 in Shields
  2845 | Sewer    | Reached XP level 7. HP: 61/61 MP: 6/6
  2868 | Sewer    | Found a glowing silver altar of Zin.
  3119 | D:4      | Killed PeterMcNeter's ghost
  3820 | Temple   | Entered the Ecumenical Temple
  3929 | D:5      | Entered Level 5 of the Dungeon
  3995 | D:5      | Reached skill level 7 in Armour
  4092 | D:5      | Reached XP level 8. HP: 39/70 MP: 7/7
  5140 | D:6      | Reached skill level 8 in Armour
  5557 | D:7      | Reached XP level 9. HP: 65/78 MP: 8/8
  5594 | D:7      | Reached skill level 9 in Armour
  5658 | D:7      | Found the +10 Black Knight's barding {ponderous, rPois rN+}
  5797 | D:7      | Reached skill level 1 in Dodging
  5797 | D:7      | Found a hazy altar of Hepliaklqana.
  6287 | D:7      | Identified a scroll of acquirement
  6287 | D:7      | Acquired a +1 eveningstar of distortion
  6309 | D:7      | Found a stormy altar of Qazlal.
  6739 | D:8      | Found an ancient bone altar of Kikubaaqudgha.
  6854 | D:8      | Noticed a two-headed ogre
  6873 | D:8      | Killed a two-headed ogre
  6964 | D:8      | Reached skill level 10 in Armour
  6964 | D:8      | Reached XP level 10. HP: 67/86 MP: 9/9
  7072 | D:8      | Noticed a two-headed ogre
  7072 | D:8      | Noticed a two-headed ogre
  7082 | D:8      | Killed a two-headed ogre
  7085 | D:8      | Killed a two-headed ogre
  7086 | D:8      | Reached skill level 10 in Maces & Flails
  7096 | D:8      | Found the +7 pair of quick blades "Gyre" and "Gimble"
                  | {protect}
  7411 | D:9      | Reached skill level 10 in Shields
  7465 | D:9      | Noticed a cyclops
  7486 | D:9      | Killed a cyclops
  7722 | D:9      | Reached skill level 11 in Armour
  8201 | D:9      | Noticed a two-headed ogre
  8210 | D:9      | Killed a two-headed ogre
  8419 | D:9      | Found a shimmering blue altar of Sif Muna.
  8500 | D:10     | Entered Level 10 of the Dungeon
  8542 | D:10     | Reached XP level 11. HP: 95/95 MP: 10/10
  9300 | D:10     | Found Yhokuem's Serpentskin Sales.
  9318 | D:10     | Bought a +1 cloak of poison resistance for 175 gold pieces
  9318 | D:10     | Bought 8 curare-tipped darts for 62 gold pieces
  9340 | D:11     | Found a staircase to the Lair.
  9355 | D:11     | Found a flickering gateway to a bazaar.
  9412 | Bazaar   | Entered a bazaar
  9426 | Bazaar   | Found Joxkep's Jewellery Shoppe.
  9426 | Bazaar   | Found Inlylutt's Antique Weapon Emporium.
  9437 | Bazaar   | Bought a ring of willpower for 175 gold pieces
  9437 | Bazaar   | Bought the ring "Futim" {rN+ rCorr Str+3} for 272 gold
                  | pieces
  9449 | Bazaar   | Found Tajurar's Weapon Shoppe.
  9465 | Bazaar   | Found Ojougri's Magic Scroll Shoppe.
  9465 | Bazaar   | Found Woriwoc's Book Emporium.
  9508 | Bazaar   | Bought a scroll of fear for 56 gold pieces
  9508 | Bazaar   | Bought a scroll of identify for 32 gold pieces
  9508 | Bazaar   | Bought a scroll of fog for 32 gold pieces
  9508 | Bazaar   | Bought a scroll of teleportation for 48 gold pieces
  9508 | Bazaar   | Bought a scroll of teleportation for 48 gold pieces
  9508 | Bazaar   | Bought a scroll of fear for 56 gold pieces
  9576 | D:11     | Reached skill level 5 in Dodging
  9589 | D:11     | Reached skill level 12 in Armour
  9637 | D:11     | Reached skill level 1 in Throwing
  9683 | D:11     | Noticed a two-headed ogre
  9688 | D:11     | Killed a two-headed ogre
  9709 | D:11     | Noticed a two-headed ogre
  9717 | D:11     | Killed a two-headed ogre
 10060 | D:11     | Noticed Snorg
 10069 | D:11     | Killed Snorg
 10070 | D:11     | Reached XP level 12. HP: 99/105 MP: 11/11
 10079 | D:11     | Acquired a +1 pair of gloves of stealth
 10262 | D:12     | Found a portal to a secret trove of treasure.
 10371 | D:12     | Noticed a death knight
 10379 | D:12     | Killed a death knight
 10506 | D:12     | Noticed a five-headed hydra
 10510 | D:12     | Killed a five-headed hydra
 10539 | D:12     | Noticed a seven-headed hydra
 10547 | D:12     | Killed a seven-headed hydra
 10617 | D:12     | Noticed a four-headed hydra
 10624 | D:12     | Killed a four-headed hydra
 10629 | D:12     | Reached skill level 13 in Armour
 10654 | D:12     | Noticed a two-headed ogre
 11030 | D:12     | Killed a two-headed ogre
 11031 | D:12     | Reached skill level 10 in Fighting
 11399 | D:10     | Found a glowing silver altar of Zin.
 11798 | D:12     | Found a staircase to the Orcish Mines.
 11973 | Lair:1   | Entered Level 1 of the Lair of Beasts
 11980 | Lair:1   | Noticed Erica
 11989 | Lair:1   | Killed Erica
 12214 | Lair:1   | Noticed an eight-headed hydra
 12224 | Lair:1   | Killed an eight-headed hydra
 12506 | Lair:2   | Noticed a seven-headed hydra
 12512 | Lair:2   | Killed a seven-headed hydra
 12513 | Lair:2   | Reached XP level 13. HP: 106/113 MP: 12/12
 13344 | Lair:3   | Identified the +0 chain mail "Xickue" {rN+ Will+ Str+3
                  | Dex-2}
 13785 | Lair:3   | Bought a shiny plate armour for 624 gold pieces
 13913 | Lair:4   | Found a staircase to the Snake Pit.
 13925 | Lair:4   | Reached skill level 14 in Armour
 14203 | Lair:4   | Reached skill level 5 in Throwing
 14733 | Lair:4   | Found a staircase to the Swamp.
 15203 | Lair:5   | Reached XP level 14. HP: 124/124 MP: 13/13
 15582 | Lair:5   | You fall into a shaft and drop 1 floor!
 15582 | Lair:6   | Entered Level 6 of the Lair of Beasts
 15678 | Lair:6   | Found a staircase to the Slime Pits.
 16288 | Lair:6   | Reached skill level 15 in Armour
 17056 | Lair:6   | Reached skill level 15 in Maces & Flails
 17275 | Lair:6   | Bought a scroll of identify for 34 gold pieces
 17275 | Lair:6   | Bought a scroll of magic mapping for 59 gold pieces
 17275 | Lair:6   | Bought a scroll of identify for 34 gold pieces
 17275 | Lair:6   | Bought a scroll of magic mapping for 59 gold pieces
 17275 | Lair:6   | Bought a scroll of blinking for 127 gold pieces
 17472 | D:13     | Reached skill level 15 in Shields
 17665 | D:13     | Found a gate to the Vaults.
 17907 | D:13     | Reached XP level 15. HP: 115/132 MP: 14/14
 18125 | D:14     | Noticed Nessos
 18137 | D:14     | Killed Nessos
 18271 | D:14     | Noticed Louise
 18273 | D:14     | Cast into level 2 of the Abyss (Louise)
 18312 | Abyss:2  | Reached skill level 16 in Armour
 18335 | Abyss:2  | Mangled by a balrug

Illustrated notes

Levels and vault maps discovered:
D:1:      psy_arrival_basics, layout_basic
D:2:      layout_basic, dreamdust_ecumenical_altar_drowned_temple, basic_altar,
          minmay_fractal_squares_5
D:3:      layout_basic, uniq_ijyb, uniq_robin
D:4:      layout_cave_pools, okawaru_metal_pillars_1_2,
          minmay_temple_entry_junction, portal_sewer_entry_d,
          gammafunk_ghost_grave, chequers_serial_rivers_large_b, uniq_duvessa
D:5:      layout_gridville
D:6:      layout_loops_corners
D:7:      layout_loops_corners, mainiacjoe_overflow_catwalk,
          nicolae_qazlal_eye_of_the_storm, minmay_chambers_of_fives
D:8:      layout_basic, nicolae_kikubaaqudgha_miasma_corner,
          mrwooster_statue_mirror, hellmonk_guarded_unrand_gyre_and_gimble
D:9:      layout_loops_corners, lemuel_blue_sif_altar
D:10:     layout_long_grid, nicolae_overflow_hidden_temple, grunt_ministairs_14,
          guppyfry_shop_venom
D:11:     layout_loops_ring, dpeg_oklobed_lair, serial_shops, bzr_entry_water,
          uniq_snorg
D:12:     layout_basic, kennysheep_orc_monster_closet_entryway, enter_trove_3
D:13:     layout_basic, hangedman_vaults_entry_quadrant_bands
D:14:     layout_long_grid, uniq_nessos, uniq_louise
Temple:   regret_index_temple_sphere_string
Lair:1:   layout_cave_shapes, infiniplex_staircase_pool, serial_bayou_shore_b,
          uniq_erica
Lair:2:   layout_long_grid, grunt_forest_small_clearing_treed
Lair:3:   layout_chaotic_city, grunt_megastairs_1
Lair:4:   layout_gridlike, nicolae_swamp_entry_splash_gauntlet,
          minmay_snake_entry_six_corridors, serial_bayou, serial_bayou_crossing,
          serial_bayou_pond_a, serial_bayou_lake_a, serial_bayou_lagoon_b,
          serial_bayou_pond_b, cheibrodos_lair_reptile_den
Lair:5:   nzn_winding_woodlands_medium [nzn_winding_woodlands_5x5_default,
          nzn_winding_woodlands_5x15_garden,
          nzn_winding_woodlands_5x5_closed_star,
          nzn_winding_woodlands_5x5_default,
          nzn_winding_woodlands_center_diamonds,
          nzn_winding_woodlands_5x5_cross, nzn_winding_woodlands_5x5_perimeter,
          nzn_winding_woodlands_5x15_cabin,
          nzn_winding_woodlands_5x5_checkerboard], layout_cave_pods,
          roderic_carrion_pond, serial_bayou_shore_b
Lair:6:   hangedman_lair_caniforms_friends, layout_cave_pods,
          hangedman_lair_in_review, slime_dummy
Abyss:2:  base:
D:15

Skill      XL: |  1  2  3  4  5  6  7  8  9 10 11 12 13 14 15 |
---------------+----------------------------------------------+-----
Armour         | 4 5 6 7 8 10 11 12 13 14 15 16 | 16.0
Maces & Flails | 3 4 5 6 8 9 10 12 13 14 15 | 15.7
Fighting       | 4 5 6 7 8 9 10 11 12 | 12.0
Shields        | 4 5 6 7 9 10 11 13 14 15 | 15.0
Dodging        | 2 4 5 7 8 9 |  9.3
Throwing       | 2 4 5 6 7 |  7.1

Action                   |  1- 3 |  4- 6 |  7- 9 | 10-12 | 13-15 || total
-------------------------+-------+-------+-------+-------+-------++-------
Melee: Flail             |   106 |   142 |   290 |    96 |       ||   634
       Headbutt          |    15 |    24 |    54 |   125 |   174 ||   392
       Rapier            |       |     7 |       |       |       ||     7
       Eveningstar       |       |       |       |   384 |   796 ||  1180
Invok: Potion Petition   |       |       |       |     1 |     1 ||     2
       Call Merchant     |       |       |       |       |     2 ||     2
Evoke: Wand              |       |       |       |     3 |       ||     3
  Use: Scroll            |       |     6 |     9 |    15 |     5 ||    35
       Potion            |       |     2 |       |     2 |       ||     4
 Stab: Distracted        |       |       |     1 |     3 |     8 ||    12
Armor: Scale mail        |    64 |    60 |       |       |       ||   124
       Chain mail        |       |       |    72 |       |       ||    72
       Plate armour      |       |       |    64 |   170 |   349 ||   583
Dodge: Dodged            |    40 |    36 |    57 |   102 |   215 ||   450
Block: Kite shield       |    78 |    94 |   197 |   267 |   489 ||  1125

Table legend: (Time is in decaauts)
 A = Elapsed time spent in this place.
 B = Non-inter-level travel time spent in this place.
 C = Inter-level travel time spent in this place.
 D = Time resting spent in this place.
 E = Time spent auto-exploring this place.
 F = Levels seen in this place.
 G = Mean time per level.
                   A        B        C        D        E       F      G
               +--------+--------+--------+--------+--------+-----+--------+
         Total |  18768 |  17384 |   1384 |      0 |  13527 |  24 |  782.0 |
       Dungeon |  12704 |  11596 |   1108 |      0 |   8849 |  14 |  907.4 |
        Temple |    101 |     93 |      8 |      0 |     92 |   1 |  101.0 |
          Lair |   5617 |   5349 |    268 |      0 |   4356 |   6 |  936.2 |
         Abyss |     60 |     60 |      0 |      0 |     35 |   1 |   60.0 |
        Bazaar |    112 |    112 |      0 |      0 |     75 |   1 |  112.0 |
         Sewer |    171 |    171 |      0 |      0 |    118 |   1 |  171.0 |
               +--------+--------+--------+--------+--------+-----+--------+

Top non-repeatable levels by time:
  Lair:6: 1475 daAuts
     D:9: 1414 daAuts
    D:12: 1363 daAuts
     D:7: 1300 daAuts
     D:1: 1205 daAuts
  Lair:4: 1154 daAuts
  Lair:5: 1100 daAuts
     D:6: 1075 daAuts
     D:3: 930 daAuts
    D:11: 920 daAuts
    D:10: 887 daAuts
     D:4: 871 daAuts
     D:2: 827 daAuts
  Lair:2: 718 daAuts
  Lair:3: 678 daAuts
